 Dungeon Crawl Stone Soup version 0.29.0-4-gdea44cf6ec (webtiles) character file.

Game seed: 17261344820860515081

67 qw the Chopper (level 4, -3/26 HPs)
             Began as a Tengu Warper on Aug 28, 2022.
             Slain by an ice beast (8 damage)
             ... on level 3 of the Dungeon.
             The game lasted 00:00:14 (2504 turns).

qw the Chopper (Tengu Warper)                       Turns: 2504, Time: 00:00:15

Health: -3/26      AC:  6    Str: 13    XL:     4   Next: 18%
Magic:  8/8        EV: 11    Int: 13    God:
Gold:   104        SH:  0    Dex: 14    Spells: 7/7 levels left

rFire   . . .      SeeInvis .   Y - +1 hand axe
rCold   . . .      Faith    .   (no shield)
rNeg    + . .      Spirit   .   b - +1 ring mail "Mumerya" {Rampage rN+ Will+}
rPois   .          Reflect  .   (helmet restricted)
rElec   .          Harm     .   (no cloak)
rCorr   .          Rampage  +   (no gloves)
Will    +....                   (boots unavailable)
Stlth   +.........              (no amulet)
HPRegen 0.08/turn               (no ring)
MPRegen 0.11/turn               (no ring)

@: no status effects
A: beak, talons 3
a: no special abilities


You were on level 3 of the Dungeon.
You visited 1 branch of the dungeon, and saw 3 of its levels.

You collected 104 gold pieces.


Innate Abilities, Weirdness & Mutations

You have a beak for a mouth.
You have claws for feet.


   Skills:
 - Level 2.0 Fighting
 + Level 4.8 Axes
 - Level 1.0 Throwing
 - Level 1.1 Armour
 - Level 2.1 Dodging
 - Level 2.0 Spellcasting
 - Level 2.4 Translocations


You had 7 spell levels left.
You didn't know any spells.
Your spell library contained the following spells:

 Spells                   Type           Power      Damage    Failure   Level
 Blink                    Tloc           14%        N/A       30%         2
 Gell's Gravitas          Tloc           7%         N/A       52%         3
 Lesser Beckoning         Tloc           7%         N/A       52%         3
 Teleport Other           Tloc           7%         N/A       52%         3
 Manifold Assault         Tloc           7%         N/A       99%         5

Inventory:

Hand Weapons
 k - a +0 whip
 Y - a +1 hand axe (weapon)
Armour
 b - the +1 ring mail "Mumerya" (worn) {Rampage rN+ Will+}
   (You acquired it on level 2 of the Dungeon)

   rN:        It protects you from negative energy.
   Rampage:   It bestows one free step when moving towards enemies.
   Will:      It increases your willpower.
Scrolls
 d - a scroll of enchant armour
 f - a scroll of teleportation
 g - a scroll of identify
Potions
 a - a potion of flight {unknown}
 c - 2 potions of heal wounds {unknown}
 e - a potion of berserk rage {unknown}
 h - a potion of degeneration {unknown}
 i - a potion of haste {unknown}
 j - a potion of cancellation {unknown}

Dungeon Overview and Level Annotations

Branches:
Dungeon (3/15)

Altars:

Shops:
D:1 ?


Message History

The ice beast is lightly wounded.
The ice beast hits you but does no damage.
You hit the ice beast.
You claw the ice beast, but do no damage.
The ice beast is lightly wounded.
The ice beast hits you but does no damage.
You barely miss the ice beast. You claw the ice beast.
The ice beast is moderately wounded.
The ice beast closely misses you.
You barely miss the ice beast. Your kick misses the ice beast.
The ice beast is moderately wounded.
The ice beast hits you but does no damage.
You hit the ice beast but do no damage. Your kick misses the ice beast.
You peck the ice beast.
The ice beast is moderately wounded.
The ice beast hits you. The ice beast freezes you.
You hit the ice beast but do no damage. Your peck misses the ice beast.
The ice beast is moderately wounded.
The ice beast hits you but does no damage.
You closely miss the ice beast. Your kick misses the ice beast.
You peck the ice beast.
The ice beast is moderately wounded.
The ice beast hits you but does no damage.
You hit the ice beast. You claw the ice beast. You peck the ice beast.
The ice beast is severely wounded.
The ice beast hits you but does no damage.
You closely miss the ice beast. You claw the ice beast.
The ice beast is severely wounded.
The ice beast closely misses you.
You slash the ice beast! Your peck misses the ice beast.
The ice beast is almost dead.
The ice beast hits you. The ice beast freezes you!
You hit the ice beast but do no damage.
You peck the ice beast, but do no damage.
The ice beast is almost dead.
The ice beast barely misses you.
You hit the ice beast but do no damage.
The ice beast is almost dead.
The ice beast hits you. The ice beast freezes you!
You die...

#.#.# ##........#
#.# #........#
#.#. #....%...#
#.#######'#####
.#.............#
...............##
.~~~............#
.~?~............#
.~~~..Y@........#
......##........#
###### #........#
#...[....#
#........#
#........#
#........#
#........#
##########


You could see an ice beast.

Vanquished Creatures
  A gnoll (D:1)
  2 dart slugs
  5 ball pythons
  5 bats
  4 endoplasms
  2 giant cockroaches
  5 goblins
  2 hobgoblins (D:1)
  4 jackals
  6 quokkas
  5 frilled lizards
  3 kobolds
  4 rats
48 creatures vanquished.

Notes
Turn   | Place    | Note
-------+----------+-------------------------------------------
     0 | D:1      | qw the Tengu Warper began the quest for the Orb.
     0 | D:1      | Reached XP level 1. HP: 12/12 MP: 4/4
     0 | D:1      | 0 ||| qw: Version: 0.1-a-89-g26bdef1
     0 | D:1      | 0 ||| qw: Game counter: 264
     0 | D:1      | 0 ||| qw: Always use a shield: true
     0 | D:1      | 0 ||| qw: God list: Okawaru
     0 | D:1      | 0 ||| qw: Allow faded altars: false
     0 | D:1      | 0 ||| qw: Do Orc after D:15 true
     0 | D:1      | 0 ||| qw: Do second Lair branch before Depths: true
     0 | D:1      | 0 ||| qw: Lair rune preference: random
     0 | D:1      | 0 ||| qw: Plans: Normal
     0 | D:1      | 0 ||| PLANNING D:1-11
    49 | D:1      | Found Diatzuac's Magic Scroll Boutique.
    58 | D:1      | 58 ||| SHOPLISTING scroll of identify (20 gold, have 0).
    71 | D:1      | 71 ||| Stepping ~*~*~tactically~*~*~ (stealth).
    78 | D:1      | 78 ||| Stepping ~*~*~tactically~*~*~ (stealth).
   113 | D:1      | 113 ||| Stepping ~*~*~tactically~*~*~ (stealth).
   124 | D:1      | 124 ||| Stepping ~*~*~tactically~*~*~ (stealth).
   126 | D:1      | 126 ||| Stepping ~*~*~tactically~*~*~ (stealth).
   127 | D:1      | 127 ||| Stepping ~*~*~tactically~*~*~ (stealth).
   130 | D:1      | Reached XP level 2. HP: 17/17 MP: 6/6
   132 | D:1      | Reached skill level 3 in Axes
   133 | D:1      | 133 ||| Stepping ~*~*~tactically~*~*~ (stealth).
   135 | D:1      | 135 ||| Stepping ~*~*~tactically~*~*~ (stealth).
   137 | D:1      | 137 ||| Stepping ~*~*~tactically~*~*~ (stealth).
   144 | D:1      | 144 ||| Stepping ~*~*~tactically~*~*~ (stealth).
   296 | D:1      | 296 ||| Stepping ~*~*~tactically~*~*~ (hiding).
   398 | D:1      | 398 ||| Stepping ~*~*~tactically~*~*~ (hiding).
   500 | D:1      | 500 ||| Stepping ~*~*~tactically~*~*~ (hiding).
  1052 | D:1      | Found a faded altar of an unknown god.
  1135 | D:1      | Reached skill level 4 in Axes
  1135 | D:1      | Reached XP level 3. HP: 20/21 MP: 7/7
  1140 | D:1      | 1140 ||| DROPPING +0 club.
  1407 | D:1      | 1407 ||| Stepping ~*~*~tactically~*~*~ (stealth).
  1411 | D:1      | 1411 ||| Stepping ~*~*~tactically~*~*~ (stealth).
  1412 | D:1      | 1412 ||| Stepping ~*~*~tactically~*~*~ (stealth).
  1413 | D:1      | 1413 ||| Stepping ~*~*~tactically~*~*~ (stealth).
  1416 | D:1      | 1416 ||| Stepping ~*~*~tactically~*~*~ (stealth).
  1436 | D:1      | 1436 ||| UPGRADING to +0 ring mail.
  1446 | D:1      | 1446 ||| DROPPING +0 leather armour.
  1447 | D:1      | 1447 ||| DROPPING ring of magical power.
  1448 | D:1      | 1448 ||| READING scroll labelled EHIG UMNEN.
  1449 | D:1      | 1449 ||| READING 2 scrolls labelled LUNEFI WEGACE.
  1450 | D:1      | 1450 ||| READING scroll labelled BICOEL XOKHLEGAISK.
  1454 | D:1      | 1454 ||| DROPPING scroll of blinking.
  1497 | D:2      | 1497 ||| Stepping ~*~*~tactically~*~*~ (stealth).
  1573 | D:2      | 1573 ||| FLEEEEING.
  1574 | D:2      | 1574 ||| FLEEEEING.
  1575 | D:2      | 1575 ||| FLEEEEING.
  1576 | D:2      | 1576 ||| FLEEEEING.
  1577 | D:2      | 1577 ||| FLEEEEING.
  1578 | D:2      | 1578 ||| FLEEEEING.
  1579 | D:2      | 1579 ||| FLEEEEING.
  1580 | D:2      | 1580 ||| FLEEEEING.
  1581 | D:2      | 1581 ||| FLEEEEING.
  1582 | D:2      | 1582 ||| FLEEEEING.
  1583 | D:2      | 1583 ||| FLEEEEING.
  1584 | D:2      | 1584 ||| FLEEEEING.
  1585 | D:2      | 1585 ||| FLEEEEING.
  1586 | D:2      | 1586 ||| FLEEEEING.
  1587 | D:2      | 1587 ||| FLEEEEING.
  1588 | D:2      | 1588 ||| FLEEEEING.
  1589 | D:2      | 1589 ||| FLEEEEING.
  1590 | D:2      | 1590 ||| FLEEEEING.
  1591 | D:2      | 1591 ||| FLEEEEING.
  1592 | D:2      | 1592 ||| FLEEEEING.
  1593 | D:2      | 1593 ||| FLEEEEING.
  1594 | D:2      | 1594 ||| FLEEEEING.
  1595 | D:2      | 1595 ||| FLEEEEING.
  1596 | D:2      | 1596 ||| FLEEEEING.
  1597 | D:2      | 1597 ||| FLEEEEING.
  1598 | D:2      | 1598 ||| FLEEEEING.
  1599 | D:2      | 1599 ||| FLEEEEING.
  1600 | D:2      | 1600 ||| FLEEEEING.
  1601 | D:2      | 1601 ||| FLEEEEING.
  1602 | D:2      | 1602 ||| FLEEEEING.
  1603 | D:2      | 1603 ||| FLEEEEING.
  1604 | D:2      | 1604 ||| FLEEEEING.
  1605 | D:2      | 1605 ||| FLEEEEING.
  1606 | D:2      | 1606 ||| FLEEEEING.
  1607 | D:2      | 1607 ||| FLEEEEING.
  1608 | D:2      | 1608 ||| FLEEEEING.
  1609 | D:2      | 1609 ||| FLEEEEING.
  1610 | D:2      | 1610 ||| FLEEEEING.
  1611 | D:2      | 1611 ||| FLEEEEING.
  1613 | D:2      | 1613 ||| STAIRDANCE
  1652 | D:2      | 1652 ||| STAIRDANCE
  2128 | D:2      | Reached XP level 4. HP: 26/26 MP: 8/8
  2148 | D:2      | 2148 ||| Stepping ~*~*~tactically~*~*~ (stealth).
  2381 | D:2      | 2381 ||| READING scroll labelled WOVVEO XAWKIP.
  2382 | D:2      | 2382 ||| READING 2 scrolls labelled YBUENI KUUKY.
  2383 | D:2      | 2383 ||| READING scroll labelled SUXUAMOATEF.
  2383 | D:2      | Identified a scroll of acquirement
  2383 | D:2      | 2383 ||| ACQUIRING +1 ring mail "Mumerya" {Rampage rN+
                  | Will+}
  2383 | D:2      | Acquired the +1 ring mail "Mumerya" {Rampage rN+ Will+}
  2385 | D:2      | 2385 ||| UPGRADING to +1 ring mail "Mumerya" {Rampage rN+
                  | Will+}.
  2395 | D:2      | 2395 ||| DROPPING +0 ring mail.
  2419 | D:3      | 2419 ||| PLANNING SEWER
  2482 | D:3      | Noticed an ice beast
  2504 | D:3      | HP: 5/26 [ice beast (3)]
  2504 | D:3      | Slain by an ice beast

Levels and vault maps discovered:
D:1:      amcnicky_arrival_double_pillar, layout_basic,
          shapermc_ecumenical_altar_pompeii, serial_shops, shop,
          kennysheep_small_spiral, hangedman_decor_peaks_small
D:2:      layout_basic
D:3:      layout_basic, nicolae_gozag_zags_fifth_avenue,
          mainiacjoe_overflow_small_starburst, bloody_trog,
          portal_sewer_entry_e, serial_shops, shop, corexii_leaking_fountain,
          kennysheep_donut, corexii_item_surrounded_by_moat

Skill      XL: |  1  2 |
---------------+-------+-----
Axes           | 4 |  4.8
Fighting       | |  2.0
Throwing       | |  1.0
Armour         | |  1.1
Dodging        | |  2.1
Spellcasting   | |  2.0
Translocations | |  2.4

Action                   |  1- 3 |  4- 6 || total
-------------------------+-------+-------++-------
Melee: Hand axe          |    91 |    28 ||   119
       Kick              |    24 |     8 ||    32
       Peck              |    12 |     6 ||    18
       Punch             |     1 |     1 ||     2
Throw: Boomerang         |     7 |       ||     7
  Use: Scroll            |     3 |     3 ||     6
Armor: Leather armour    |    12 |       ||    12
       Ring mail         |    17 |    14 ||    31
Dodge: Dodged            |    48 |    13 ||    61

Table legend:
 A = Non-vault XP
 B = Vault XP
 C = Vault XP percentage of total XP
 D = Non-vault monster count
 E = Vault monster count
 F = Vault count percentage of total count
                 A         B        C        D         E       F
            +---------+---------+-------+---------+---------+-------
      Total |      97 |       0 |   0.0 |      48 |       0 |   0.0
            +---------+---------+-------+---------+---------+-------
        D:1 |      57 |       0 |   0.0 |      26 |       0 |   0.0
        D:2 |      38 |       0 |   0.0 |      21 |       0 |   0.0
        D:3 |       2 |       0 |   0.0 |       1 |       0 |   0.0
            +---------+---------+-------+---------+---------+-------
